 Dungeon Crawl Stone Soup version 0.29-a0-723-gce39da1c22 (webtiles) character file.

Game seed: 6424390776876284045

1883 pokeman the Thaumaturge (level 8, -8/44 HPs)
             Began as a Deep Elf Hedge Wizard on June 28, 2022.
             Mangled by a komodo dragon (28 damage)
             ... on level 6 of the Dungeon.
             The game lasted 00:17:10 (7316 turns).

pokeman the Thaumaturge (Deep Elf Hedge Wizard)     Turns: 7316, Time: 00:17:11

Health: -8/44      AC:  4    Str:  7    XL:     8   Next: 92%
Magic:  24/33      EV: 12    Int: 28    God:
Gold:   352        SH:  5    Dex: 14    Spells: 14/28 levels left

rFire   . . .      SeeInvis .   o - +2 demon blade (venom)
rCold   + . .      Faith    .   (no shield)
rNeg    . . .      Spirit   .   i - +0 leather armour
rPois   .          Reflect  +   c - +0 hat
rElec   .          Harm     .   n - +0 cloak "Purabim" {rC+}
rCorr   .          Rampage  .   (no gloves)
Will    .....                   (no boots)
Stlth   ++........              t - amulet of reflection
HPRegen 0.14/turn               l - +6 ring of intelligence
MPRegen 0.23/turn               r - ring of magical power

@: no status effects
A: no striking features
a: no special abilities


You were on level 6 of the Dungeon.
You visited 2 branches of the dungeon, and saw 7 of its levels.

You collected 352 gold pieces.

Inventory:

Hand Weapons
 o - a +2 demon blade of venom (weapon)
Armour
 c - a +0 hat (worn)
 i - a +0 leather armour (worn)
 n - the +0 cloak "Purabim" (worn) {rC+}
   (You found it on level 2 of the Dungeon)

   rC:        It protects you from cold.
Jewellery
 l - a +6 ring of intelligence (left hand)
 r - a ring of magical power (right hand)
 t - an amulet of reflection (around neck)
 F - a ring of positive energy
Wands
 k - a wand of paralysis (14)
 B - a wand of flame (13)
 E - a wand of acid (8)
Scrolls
 a - 4 scrolls of teleportation {unknown}
 b - 3 scrolls of noise {unknown}
 e - 6 scrolls of identify {unknown}
 h - 2 scrolls of vulnerability {unknown}
 m - 2 scrolls of poison {unknown}
 p - a scroll of summoning {unknown}
 u - a scroll of amnesia {unknown}
 v - a scroll of fog {unknown}
 y - 2 scrolls of enchant armour {unknown}
 A - a scroll of brand weapon {unknown}
 C - a scroll of enchant weapon {unknown}
 H - a scroll of silence {unknown}
Potions
 d - 2 potions of magic
 f - 6 potions of curing {unknown}
 g - 4 potions of cancellation {unknown}
 j - a potion of invisibility {unknown}
 q - 2 potions of ambrosia {unknown}
 s - a potion of degeneration {unknown}
 w - 3 potions of might {unknown}
 x - a potion of mutation {unknown}
 z - 2 potions of berserk rage {unknown}
 D - a potion of lignification {unknown}
 G - 2 potions of haste {unknown}


   Skills:
 - Level 2.0 Fighting
 + Level 2.8 Armour
 - Level 3.0 Dodging
 - Level 3.1 Stealth
 * Level 10.5 Spellcasting
 + Level 5.6 Conjurations
 - Level 1.1 Summonings
 - Level 1.1 Translocations
 + Level 4.6 Fire Magic
 - Level 1.4 Air Magic
 - Level 1.0 Earth Magic
 - Level 1.0 Poison Magic
 - Level 1.0 Evocations


You had 14 spell levels left.
You knew the following spells:

 Your Spells              Type           Power      Damage    Failure   Level
a - Magic Dart            Conj           100%       1d8       1%          1
b - Mephitic Cloud        Conj/Pois/Air  29%        N/A       5%          3
c - Call Imp              Summ           20%        N/A       5%          2
d - Blink                 Tloc           40%        N/A       5%          2
e - Conjure Flame         Conj/Fire      43%        6-21      1%          3
f - Stone Arrow           Conj/Erth      66%        3d11      4%          3

Your spell library contained the following spells:

 Spells                   Type           Power      Damage    Failure   Level
 Scorch                   Fire           80%        2d9       1%          2
 Sandblast                Erth           40%        2d10      3%          1
 Slow                     Hex            56%        N/A       5%          1
 Dazzling Flash           Conj/Hex       60%        N/A       5%          3
 Passwall                 Tmut/Erth      14%        N/A       7%          2
 Flame Wave               Conj/Fire      43%        2d9       7%          4
 Ignite Poison            Fire/Tmut/Pois 25%        N/A       8%          3
 Spider Form              Tmut/Pois      17%        N/A       14%         3
 Silence                  Hex/Air        9%         N/A       75%         5
 Summon Cactus Giant      Summ           10%        N/A       99%         6


Dungeon Overview and Level Annotations

Branches:
Dungeon (6/15)             Temple (1/1) D:4

Altars:
Ashenzari
Dithmenos
Elyvilon
Fedhas
Gozag
Hepliaklqana
Kikubaaqudgha
Makhleb
Nemelex Xobeh
Okawaru
Qazlal
Ru
Sif Muna
Trog
Uskayaw
Wu Jian
Xom
Yredelemnul
Zin
The Shining One

Shops:
D:3 =


Message History

Casting: Call Imp (safe; 5% risk of failure)
Confirm with . or Enter, or press ? or * to list all spells.
The fire begins to smoulder!
The bullfrog hits your iron imp but does no damage.
Your iron imp barely misses the bullfrog.
The bullfrog hits your iron imp.
Unknown command.
The bullfrog barely misses your iron imp.
Your iron imp hits the bullfrog!
The fire ignites!
Casting: Conjure Flame (dangerous; 2% risk of failure)
Confirm with . or Enter, or press ? or * to list all spells.
The fire begins to smoulder!
The bullfrog barely misses your iron imp.
Your iron imp hits the bullfrog.
The bullfrog hits your iron imp but does no damage.
Unknown command.
The bullfrog barely misses your iron imp.
Your iron imp hits the bullfrog!
The bullfrog dies!
The fire ignites!
The komodo dragon bites your iron imp!!
Your iron imp dies!
Your iron imp disappears in a puff of smoke!
Casting: Conjure Flame (safe; 1% risk of failure)
Confirm with . or Enter, or press ? or * to list all spells.
A shadowy apparition takes form in the air.
The komodo dragon is engulfed in blazing flames.
Unknown command.
You hit the komodo dragon.
The komodo dragon is lightly wounded.
The komodo dragon is engulfed in blazing flames.
The komodo dragon bites you.
Unknown command.
You barely miss the komodo dragon.
The komodo dragon is heavily wounded.
Your shadow imp hits the komodo dragon but does no damage.
The komodo dragon is engulfed in blazing flames.
The komodo dragon bites you!!
Ouch! That really hurt!
You die...

###########
#.........#
#.#######.#
#########.#
#.#
#.........#
#.#
#.#########
#.. +5@#
### ##l#
#§# #s#
#o## #..#
#######
##)#
#...... §..
####.#####
.§§§.
#....#


You could see a komodo dragon (ally target), a scorpion, an orc and a friendly
shadow imp (summoned).

Vanquished Creatures
  Grinder (D:4)
  Eustachio (D:4)
  Pargi (D:4)
  An ice beast (D:5)
  2 black bears
  A phantom (D:6)
  A kobold brigand (D:3)
  2 necrophages (D:6)
  4 scorpions
  A hound (D:6)
  2 jellies
  5 orc priests
  Jessica (D:2)
  An iguana (D:4)
  3 orc wizards
  Robin (D:4)
  8 adders
  A shadow imp (D:6)
  2 white imps (D:6)
  An ufetubus (D:5)
  3 worms
  A dart slug (D:3)
  31 orcs
  7 endoplasms
  7 giant cockroaches
  12 goblins
  8 hobgoblins
  A jackal (D:1)
  3 quokkas
  4 ball pythons
  6 bats
  2 frilled lizards (D:2)
  4 kobolds
  3 rats (D:2)
132 creatures vanquished.

Vanquished Creatures (collateral kills)
  A bullfrog (D:6)
1 creature vanquished.

Vanquished Creatures (others)
  11 fungi (D:4)
11 creatures vanquished.

Grand Total: 144 creatures vanquished

Notes
Turn   | Place    | Note
-------+----------+-------------------------------------------
     0 | D:1      | pokeman the Deep Elf Hedge Wizard began the quest for the
                  | Orb.
     0 | D:1      | Reached XP level 1. HP: 10/10 MP: 7/7
   298 | D:1      | Noticed an eye of devastation
   364 | D:1      | Found a faded altar of an unknown god.
   367 | D:1      | Noticed a shining eye
   367 | D:1      | Noticed a floating eye
   367 | D:1      | Noticed an eye of devastation
   478 | D:1      | Reached XP level 2. HP: 15/15 MP: 6/9
  1929 | D:2      | Noticed Jessica
  1936 | D:2      | Killed Jessica
  1937 | D:2      | Reached skill level 1 in Armour
  1937 | D:2      | Reached skill level 5 in Spellcasting
  1937 | D:2      | Reached XP level 3. HP: 20/20 MP: 3/11
  1941 | D:2      | Learned a level 3 spell: Mephitic Cloud
  1944 | D:2      | Learned a level 2 spell: Call Imp
  1947 | D:2      | Learned a level 2 spell: Blink
  1951 | D:2      | Learned a level 3 spell: Conjure Flame
  2002 | D:2      | Found a bloodstained altar of Trog.
  2098 | D:2      | Reached skill level 1 in Fighting
  2183 | D:2      | Identified the +0 cloak "Purabim" {rC+}
  2887 | D:3      | Reached XP level 4. HP: 24/25 MP: 7/13
  2901 | D:3      | Noticed a kobold brigand
  2906 | D:3      | Killed a kobold brigand
  2907 | D:3      | Reached skill level 6 in Spellcasting
  2907 | D:3      | Reached XP level 5. HP: 16/29 MP: 7/15
  3583 | D:3      | Found Cimuoss's Jewellery Shop.
  3693 | D:4      | Noticed Pargi
  3708 | D:4      | Killed Pargi
  3709 | D:4      | Reached skill level 1 in Fire Magic
  3709 | D:4      | Reached skill level 1 in Air Magic
  3709 | D:4      | Reached XP level 6. HP: 17/34 MP: 16/17
  3714 | D:4      | Reached skill level 7 in Spellcasting
  3726 | D:4      | Noticed Grinder
  3998 | D:4      | Noticed Robin
  4120 | D:4      | Killed Robin
  4144 | D:4      | Reached skill level 1 in Poison Magic
  4144 | D:4      | Reached skill level 1 in Evocations
  4387 | D:4      | Found a staircase to the Ecumenical Temple.
  4402 | Temple   | Entered the Ecumenical Temple
  4712 | D:4      | Killed Grinder
  4713 | D:4      | Reached skill level 8 in Spellcasting
  4713 | D:4      | Reached XP level 7. HP: 38/39 MP: 14/20
  4930 | D:4      | Noticed Eustachio
  4943 | D:4      | Killed Eustachio
  5183 | D:4      | Reached XP level 8. HP: 44/44 MP: 22/22
  5659 | D:5      | Entered Level 5 of the Dungeon
  5687 | D:5      | Reached skill level 9 in Spellcasting
  5789 | D:5      | Learned a level 3 spell: Stone Arrow
  6312 | D:5      | Reached skill level 1 in Earth Magic
  6322 | D:5      | Reached skill level 5 in Conjurations
  6439 | D:5      | Found a blossoming altar of Fedhas.
  6732 | D:6      | Reached skill level 10 in Spellcasting
  7054 | D:6      | Got the Disquisition on Venom and Bewitchment
  7303 | D:6      | Noticed a komodo dragon
  7316 | D:6      | Mangled by a komodo dragon

Illustrated notes

Levels and vault maps discovered:
D:1:      dpeg_arrival_simpleton_b, layout_basic,
          hellmonk_ecumenical_altar_watching_god
D:2:      layout_basic, basic_altar, minmay_misc_feat_square, corner_web_ring,
          minmay_hexomino_f4, uniq_jessica
D:3:      layout_basic, serial_shops, shop, serial_bayou_pond_d
D:4:      layout_loops_ring, minmay_temple_entry_junction_2,
          dreamdust_mushroom_princess, minmay_crossroads, uniq_grinder,
          uniq_pargi, uniq_robin, uniq_eustachio
D:5:      layout_basic, general_overflow_altar
D:6:      layout_loops_ring, serial_rivers, chequers_serial_rivers_marsh,
          chequers_serial_rivers_micro_c, chequers_serial_rivers_large_a,
          chequers_serial_rivers_small_b, chequers_serial_rivers_small_b,
          chequers_serial_rivers_room_b, grunt_potential
Temple:   compressed_dpeg_triangle_lava_temple

Skill      XL: |  1  2  3  4  5  6  7  8 |
---------------+-------------------------+-----
Armour         | 1 2 |  2.8
Spellcasting   | 5 6 8 10 | 10.5
Fighting       | 1 2 |  2.0
Conjurations   | 2 3 4 5 |  5.6
Dodging        | 3 |  3.0
Stealth        | 3 |  3.1
Fire Magic     | 1 2 3 4 |  4.6
Air Magic      | 1 |  1.4
Poison Magic   | 1 |  1.0
Evocations     | 1 |  1.0
Earth Magic    | 1 |  1.0
Summonings     | |  1.1
Translocations | |  1.1

Action                   |  1- 3 |  4- 6 |  7- 9 || total
-------------------------+-------+-------+-------++-------
Melee: War axe           |     6 |       |       ||     6
       Demon blade       |     1 |    32 |    55 ||    88
 Cast: Magic Dart        |    88 |    81 |    93 ||   262
       Mephitic Cloud    |       |     6 |    14 ||    20
       Call Imp          |       |     2 |     4 ||     6
       Conjure Flame     |       |     2 |     5 ||     7
       Stone Arrow       |       |       |     2 ||     2
 Stab: Confused          |       |     2 |     2 ||     4
       Sleeping          |       |       |     1 ||     1
Armor: Robe              |     3 |       |       ||     3
       Leather armour    |     1 |    14 |    13 ||    28
Dodge: Dodged            |    21 |    19 |    24 ||    64
Block: Other             |       |    11 |    14 ||    25
       Reflection        |       |     1 |       ||     1

Table legend: (Time is in decaauts)
 A = Elapsed time spent in this place.
 B = Non-inter-level travel time spent in this place.
 C = Inter-level travel time spent in this place.
 D = Time resting spent in this place.
 E = Time spent auto-exploring this place.
 F = Levels seen in this place.
 G = Mean time per level.
                   A        B        C        D        E       F      G
               +--------+--------+--------+--------+--------+-----+--------+
         Total |   7349 |   7016 |    333 |    877 |   5249 |   7 | 1049.9 |
       Dungeon |   7148 |   6825 |    323 |    877 |   5071 |   6 | 1191.3 |
        Temple |    200 |    190 |     10 |      0 |    178 |   1 |  200.0 |
               +--------+--------+--------+--------+--------+-----+--------+

Top non-repeatable levels by time:
     D:1: 1699 daAuts
     D:4: 1424 daAuts
     D:2: 1181 daAuts
     D:3: 1168 daAuts
     D:6: 864 daAuts
     D:5: 810 daAuts
  Temple: 200 daAuts
